Map: Ephemeron LE

Players

ponken

  • Race: Terran Terran
  • League: Platinum
  • Spawn Location: 11:00

A.I. 1 (Very Hard) - Winner!

  • Race: Protoss Protoss
  • Spawn Location: 5:00

VOD

Have the link to the VOD?

Description

Time

  • Played on: Jan. 26, 2020, 7:28 p.m.
  • Length: 6:22
Show
View Real Time Build Order
Export as new Build Order

ponken Terran 

Build Orders: Reaper Expand 

Get SALT Encoding   

  12  0:00  SCV  
  13  0:13  SCV  
  14  0:17  Supply Depot  
  14  0:25  SCV  
  15  0:38  SCV  
  15  0:40  Barracks  
  16  0:44  Refinery  
  16  0:50  SCV  
  17  1:02  SCV  
  18  1:14  SCV  
  19  1:27  Orbital Command, Reaper  
  20  1:44  Command Center  
  20  1:53  SCV  
  21  1:55  Supply Depot  
  21  1:59  Marine  
  22  2:05  SCV  
  23  2:12  Factory  
  23  2:19  SCV  
  23  2:21  Barracks Reactor  
  24  2:24  Bunker  
  24  2:29  Refinery  
  24  2:31  SCV  
  25  2:43  SCV  
  26  2:55  SCV  
  26  2:58  Marine x2  
  27  2:59  Starport  
  27  3:01  Orbital Command  
  29  3:07  SCV  
  29  3:08  Widow Mine  
  32  3:16  Marine x2  
  34  3:20  Supply Depot  
  34  3:22  SCV  
  35  3:29  SCV, Widow Mine  
  39  3:34  SCV, Marine  
  39  3:37  Medivac  
  39  3:40  Marine  
  43  3:43  SCV  
  43  3:46  Supply Depot  
  43  3:47  SCV  
  45  3:51  Widow Mine  
  45  3:53  Marine  
  45  3:55  SCV  
  48  3:58  Marine  
  48  4:00  SCV  
  50  4:09  Supply Depot  
  50  4:10  Starport Tech Lab  
  50  4:15  SCV  
  50  4:16  SCV  
  52  4:17  Factory Tech Lab  
  52  4:25  Barracks x2  
  52  4:28  SCV, Refinery  
  52  4:29  Raven  
  55  4:35  SCV, Supply Depot  
  59  4:38  Siege Tank  
  59  4:39  Marine  
  59  4:42  Marine  
  61  4:48  Engineering Bay  
  61  4:49  SCV  
  61  4:51  SCV  
  63  4:58  Supply Depot  
  63  4:59  Marine  
  64  5:00  Marine  
  64  5:01  SCV  
  64  5:03  SCV  
  67  5:10  Siege Tank  
  70  5:17  Marine  
  70  5:18  Marine x2  
  70  5:19  SCV x2  
  70  5:21  Starport Reactor  
  75  5:31  SCV x2  
  75  5:35  Barracks Tech Lab  
  77  5:38  Marine x2  
  79  5:43  SCV x2  
  79  5:45  Refinery  
  81  5:52  Marine  
  81  5:55  SCV  
  81  5:56  Marine  
  84  6:01  Marine, Supply Depot  
  84  6:03  SCV  
Show
View Real Time Build Order
Export as new Build Order

A.I. 1 (Very Hard) Protoss - Winner!

Build Orders:  

Get SALT Encoding   

  12  0:00  Probe  
  13  0:13  Probe  
  14  0:20  Pylon  
  14  0:25  Probe  
  15  0:35  Probe  
  16  0:43  Probe  
  17  0:50  Gateway  
  17  0:52  Probe  
  18  1:00  Probe  
  18  1:08  Probe  
  19  1:11  Assimilator  
  19  1:14  Pylon  
  20  1:29  Probe  
  21  1:34  Gateway  
  23  1:40  Zealot, Cybernetics Core  
  23  1:41  Probe  
  23  1:45  Pylon  
  24  1:53  Probe  
  25  2:02  Probe  
  25  2:07  Zealot  
  28  2:09  Assimilator  
  28  2:10  Probe  
  29  2:18  Warp Gate  
  29  2:19  Probe  
  29  2:21  Adept  
  32  2:31  Probe  
  32  2:33  Pylon  
  32  2:34  Adept  
  35  2:44  Probe  
  36  2:51  Adept  
  38  2:56  Probe  
  39  3:04  Sentry  
  39  3:05  Probe  
  42  3:13  Probe  
  42  3:15  Nexus  
  43  3:25  Gateway  
  43  3:29  Adept  
  43  3:32  Probe  
  46  3:44  Probe  
  47  3:48  Pylon  
  47  4:06  Probe, Adept  
  47  4:07  Adept  
  52  4:17  Probe  
  53  4:25  Probe  
  53  4:27  Probe, Adept  
  53  4:29  Stalker  
  59  4:31  Pylon  
  59  4:33  Probe  
  59  4:36  Stalker  
  62  4:39  Probe  
  62  4:43  Stalker  
  62  4:45  Probe  
  65  4:51  Probe  
  67  4:53  Twilight Council  
  67  4:57  Probe  
  68  5:00  Pylon  
  68  5:03  Probe  
  69  5:08  Probe, Stalker  
  72  5:15  Probe  
  72  5:16  Probe  
  74  5:22  Pylon  
  74  5:24  Probe  
  74  5:27  Zealot  
  77  5:31  Templar Archives  
  77  5:35  Assimilator  
  77  5:38  Assimilator  
  77  5:40  Zealot  
  79  5:45  Stalker  
  81  5:51  Pylon  
  81  5:55  Stalker  
  83  5:57  Probe x2  
  83  6:03  Stalker  
  87  6:08  Stalker  
  87  6:09  Probe  
  87  6:10  Probe  
  91  6:13  Pylon  
  91  6:18  High Templar  
Tags
 
Add a new tag
Caveats
  • Supply blocks, unpowered buildings, or Contaminate may cause inaccurate times.
  • Supply counts are checked every 10 seconds.